 Dungeon Sprint DCSS version 0.27.1-33-g824d729ab1 (webtiles) character file.

Game seed: 6596485044447352058

4095 boopmooplesden the Fencer (level 10, 0/101 HPs)
             Began as a Minotaur Fighter on Dec 11, 2021.
             Was a High Priest of Okawaru.
             Slain by a red devil (2 damage)
             ... summoned by an orc sorcerer
             ... in the Dungeon (Sprint VII: "The Pits").
             The game lasted 00:03:01 (804 turns).

boopmooplesden the Fencer (Minotaur Fighter)         Turns: 804, Time: 00:03:02

Health: 0/101      AC: 14    Str: 23    XL:     10   Next: 5%
Magic:  9/11       EV: 14    Int:  5    God:    Okawaru [*****.]
Gold:   0          SH: 15    Dex: 11    Spells: 9/9 levels left

rFire    . . .     SeeInvis .   t - +2 scimitar (holy)
rCold    . . .     Faith    .   c - +0 kite shield
rNeg     . . .     Spirit   .   v - +4 scale mail
rPois    .         Reflect  .   (helmet restricted)
rElec    .         Harm     .   (no cloak)
rCorr    .         Rampage  .   (no gloves)
Will     .....     NoTele   +   (no boots)
Stlth    ++........             (no amulet)
HPRegen  0.26/turn              (no ring)
MPRegen  0.12/turn              (no ring)

@: heroic
A: horns 2, retaliatory headbutt
a: Renounce Religion, Heroism, Finesse


You were in the Dungeon.
You worshipped Okawaru.
Okawaru was extremely pleased with you.
You visited 1 branch

Inventory:

Hand Weapons
 a - a +0 long sword
 k - a +2 falchion
 p - a +2 long sword of holy wrath
 t - a +2 scimitar of holy wrath (weapon)
 w - a +2 rapier of venom
Armour
 b - a +0 scale mail
 c - a +0 kite shield (worn)
 o - a +3 scale mail
 u - a +0 cloak
 v - a +4 scale mail (worn)
Jewellery
 f - a +3 ring of evasion
 q - a +3 ring of evasion
Scrolls
 j - a scroll of blinking
 m - 5 scrolls of amnesia
 n - a scroll of summoning
Potions
 d - 2 potions of might
 e - 9 potions of curing
 g - a potion of haste
 h - 4 potions of magic
 i - 4 potions of berserk rage
 l - 2 potions of invisibility
 r - 3 potions of brilliance
 s - 2 potions of heal wounds


   Skills:
 + Level 13.3(18.3) Fighting
 + Level 15.6(20.6) Long Blades
 + Level 11.4(16.4) Armour
 + Level 5.9(10.9) Dodging
 + Level 1.0(6.0) Stealth
 + Level 13.5(18.5) Shields
 + Level 3.0 Invocations


You had 9 spell levels left.
You didn't know any spells.
Your spell library was empty.

Dungeon Overview and Level Annotations

Branches:
Dungeon (1/1)

Altars:
Ashenzari
Cheibriados
Dithmenos
Elyvilon
Fedhas
Gozag
Hepliaklqana
Kikubaaqudgha
Makhleb
Nemelex Xobeh
Okawaru
Qazlal
Ru
Sif Muna
Trog
Uskayaw
Vehumet
Wu Jian
Xom
Yredelemnul
Zin
The Shining One
Beogh
Jiyva
Lugonu


Innate Abilities, Weirdness & Mutations

You have a pair of horns on your head.
You reflexively headbutt those who attack you in melee.


Message History

You fall asleep.
The dream sheep closely misses you.
The orc sorcerer's eyes start to glow.
The dream sheep bites you!!
You wake up.
You slash the dream sheep!
The dream sheep is severely wounded.
You block the dream sheep's attack.
You hit the dream sheep but do no damage.
The dream sheep is severely wounded.
You block the dream sheep's attack. The dream sheep bites you!
* * * LOW HITPOINT WARNING * * *
You hit the dream sheep but do no damage.
The dream sheep is heavily wounded.
You block the dream sheep's attack.
You slice the dream sheep!!
You kill the dream sheep!
Okawaru accepts your kill. Okawaru grants you a weapon!
Something appears at your feet!
You see here a +4 great sword of electrocution.
The orc sorcerer becomes larger for a moment.
Your Invocations skill increases to level 3!
You hit the dream sheep. Your headbutt misses the dream sheep.
The dream sheep is lightly wounded.
You block the dream sheep's attack.
You slash the dream sheep! You headbutt the dream sheep!
The dream sheep is almost dead.
The orc sorcerer mumbles some strange words.
You block the dream sheep's attack.
You closely miss the red devil.
The orc sorcerer's eyes start to glow.
The dream sheep shake their wool and sparkle.
You feel drowsy...
You fall asleep.
The dream sheep misses you.
The red devil hops backward while attacking.
The red devil hits you from afar with a +2 demon trident of pain!!
You wake up.
* * * LOW HITPOINT WARNING * * *
You writhe in agony.
You die...

.)'................+
###......#..#......#
.##................#
.#####'#####''#####
.##.......##''#
)##.......##..##
.##.......##..4##
###...<...###...##+##..##
.##.......# ##YY@††.....#
.##.......###oY###+###...
###.......##.Y##
.###########..+
############..#
#....#..[.###..
#....#...[# ##Y.
÷....'..))# ..#
#....#....# .##


You could see an orc sorcerer, a red devil (summoned) and 4 dream sheep.

Vanquished Creatures
  Josephine (D)
  A lindwurm (D)
  A wolf spider (D)
  A dream sheep (D)
  A flying skull (D)
  Sigmund (D)
  5 yaks (D)
  5 wraiths (D)
  A floating eye (D)
  An ice beast (D)
  A sky beast (D)
  A centaur (D)
  A bullfrog (D)
  A scorpion (D)
  2 iguanas (D)
  An orc wizard (D)
  A river rat (D)
  3 orcs (D)
  2 bats (D)
  A bat skeleton (D)
  A bat zombie (D)
  A goblin (D)
  A quokka (D)
  A jackal zombie (D)
  2 rats (D)
38 creatures vanquished.

Notes
Turn   | Place    | Note
-------+----------+-------------------------------------------
     0 | D        | boopmooplesden the Minotaur Fighter began the quest for the
                  | Orb.
     0 | D        | Reached XP level 1. HP: 19/19 MP: 0/0
    38 | D        | Found a bloodstained altar of Trog.
    38 | D        | Found a shimmering blue altar of Sif Muna.
    38 | D        | Found a viscous altar of Jiyva.
    38 | D        | Found a hazy altar of Hepliaklqana.
    38 | D        | Found an opulent altar of Gozag.
    39 | D        | Found a glowing golden altar of the Shining One.
    39 | D        | Found a glowing silver altar of Zin.
    39 | D        | Found a basalt altar of Yredelemnul.
    39 | D        | Found a shimmering altar of Xom.
    39 | D        | Found an ornate altar of the Wu Jian Council.
    39 | D        | Found a sacrificial altar of Ru.
    39 | D        | Found a stormy altar of Qazlal.
    39 | D        | Found an iron altar of Okawaru.
    39 | D        | Found a sparkling altar of Nemelex Xobeh.
    39 | D        | Found a burning altar of Makhleb.
    39 | D        | Found a blossoming altar of Fedhas.
    39 | D        | Found a white marble altar of Elyvilon.
    39 | D        | Found a shadowy altar of Dithmenos.
    39 | D        | Found a snail-covered altar of Cheibriados.
    40 | D        | Found a radiant altar of Vehumet.
    40 | D        | Found a corrupted altar of Lugonu.
    41 | D        | Found a hide-covered altar of Uskayaw.
    41 | D        | Found an ancient bone altar of Kikubaaqudgha.
    41 | D        | Found a broken altar of Ashenzari.
    45 | D        | Became a worshipper of Warmaster Okawaru
    76 | D        | Reached skill level 3 in Long Blades
    81 | D        | Noticed a floating eye
    89 | D        | Reached XP level 2. HP: 22/27 MP: 1/1
    90 | D        | Paralysed by a floating eye for 4 turns
    95 | D        | Paralysed by a floating eye for 4 turns
    99 | D        | Killed a floating eye
    99 | D        | Reached * piety under Okawaru
   100 | D        | Reached skill level 5 in Long Blades
   100 | D        | Reached skill level 1 in Dodging
   100 | D        | Reached XP level 3. HP: 33/38 MP: 2/2
   100 | D        | Reached XP level 4. HP: 39/45 MP: 3/3
   175 | D        | Noticed a centaur
   175 | D        | Noticed a bullfrog
   175 | D        | Noticed a sky beast
   183 | D        | Killed a bullfrog
   184 | D        | Reached skill level 6 in Long Blades
   184 | D        | Reached XP level 5. HP: 47/52 MP: 4/4
   187 | D        | Killed a centaur
   188 | D        | Reached skill level 7 in Long Blades
   189 | D        | Reached ** piety under Okawaru
   190 | D        | Reached XP level 6. HP: 54/62 MP: 5/5
   201 | D        | Killed a sky beast
   202 | D        | Reached skill level 8 in Long Blades
   205 | D        | Noticed Sigmund
   216 | D        | Killed Sigmund
   217 | D        | Reached skill level 9 in Long Blades
   217 | D        | Reached skill level 10 in Shields
   217 | D        | Reached XP level 7. HP: 52/70 MP: 6/6
   219 | D        | Noticed a flying skull
   223 | D        | Killed a flying skull
   224 | D        | Reached skill level 10 in Fighting
   224 | D        | Reached skill level 10 in Long Blades
   226 | D        | Noticed a wolf spider
   231 | D        | Killed a wolf spider
   232 | D        | Reached skill level 11 in Long Blades
   232 | D        | Reached skill level 10 in Armour
   232 | D        | Reached XP level 8. HP: 58/81 MP: 4/7
   354 | D        | Noticed Josephine
   354 | D        | Noticed a lindwurm
   386 | D        | Killed Josephine
   386 | D        | Reached *** piety under Okawaru
   386 | D        | Reached **** piety under Okawaru
   387 | D        | Reached skill level 13 in Long Blades
   387 | D        | Reached skill level 1 in Invocations
   387 | D        | Reached XP level 9. HP: 44/90 MP: 5/9
   394 | D        | Reached skill level 14 in Long Blades
   404 | D        | Reached skill level 5 in Dodging
   414 | D        | Killed a lindwurm
   414 | D        | Reached ***** piety under Okawaru
   759 | D        | Reached skill level 15 in Long Blades
   783 | D        | Reached skill level 1 in Stealth
   783 | D        | Reached XP level 10. HP: 77/101 MP: 11/11
   786 | D        | Noticed an orc sorcerer
   800 | D        | Received a gift from Okawaru
   804 | D        | HP: 2/101 [red devil[an orc sorcerer] (25)]
   804 | D        | Slain by a red devil

Illustrated notes

Levels and vault maps discovered:
D:        pitsprint [storerooms_1, entrance_room_1, metal_vault_5, armoury_2,
          mini_pit_1, grid_room_1, main_hall_1, silver_pit, the_coven_3,
          the_vestibule_1, steel_vault_3, golden_pit, hallway_of_sentries,
          crystal_vault_1, iron_vault_4, final_vault]

Skill      XL: |  1  2  3  4  5  6  7  8  9 10 |
---------------+-------------------------------+-----
Fighting       | 4 6 7 8 9 10 11 13 | 13.3
Armour         | 4 6 7 8 9 10 11 | 11.4
Shields        | 4 6 7 8 10 11 12 13 | 13.5
Long Blades    | 3 5 6 7 9 11 13 15 | 15.6
Dodging        | 1 2 3 4 5 |  5.9
Invocations    | 1 2 3 |  3.0
Stealth        | 1 |  1.0

Action                   |  1- 3 |  4- 6 |  7- 9 | 10-12 || total
-------------------------+-------+-------+-------+-------++-------
Melee: Falchion          |    15 |     2 |       |       ||    17
       Headbutt          |     3 |     3 |    24 |     1 ||    31
       Long sword        |     1 |    30 |    68 |       ||    99
       Scimitar          |       |       |    33 |     8 ||    41
Invok: Heroism           |       |       |     5 |     1 ||     6
  Use: Potion            |       |       |     6 |       ||     6
Armor: Scale mail        |    14 |    17 |    14 |       ||    45
Dodge: Dodged            |     8 |     6 |    20 |     2 ||    36
Block: Kite shield       |    10 |    14 |    55 |     7 ||    86
       Rpst.: Falchion   |     4 |       |       |       ||     4
       Long sword        |       |       |     3 |       ||     3
       Scimitar          |       |       |     2 |       ||     2
